 Dungeon Crawl Stone Soup version 0.30-a0-800-g7c544603b3 (webtiles) character file.

Game seed: 16319358623637576307

4 sircluck the Sneak (level 1, -6/14 HPs)
             Began as a Kobold Delver on Feb 22, 2023.
             Killed from afar by an orc wizard (11 damage)
             ... with a puff of flame
             ... on level 6 of the Dungeon.
             The game lasted 00:00:30 (88 turns).

sircluck the Sneak (Kobold Delver)                    Turns: 88, Time: 00:00:31

Health: -6/14      AC:  3    Str:  9    XL:     1   Next: 66%
Magic:  1/1        EV: 14    Int: 11    God:
Gold:   0          SH:  0    Dex: 16    Spells: 0/0 levels left

rFire   . . .      SeeInvis .    a - +0 short sword
rCold   . . .      Faith    .    (no shield)
rNeg    . . .      Spirit   .    b - +0 leather armour
rPois   .          Reflect  .    (no helmet)
rElec   .          Harm     .    (no cloak)
rCorr   .          Rampage  .    (no gloves)
Will    .....                    (no boots)
Stlth   ++++                     (no amulet)
HPRegen 0.22/turn                (no ring)
MPRegen 0.07/turn                (no ring)

@: no status effects
A: small, no large weapons, nightstalker 3
a: no special abilities


You were on level 6 of the Dungeon.
You visited 1 branch of the dungeon, and saw 2 of its levels.

Inventory:

Hand Weapons
 a - a +0 short sword (weapon)
Armour
 b - a +0 leather armour (worn)
Wands
 g - a wand of digging (3)
Scrolls
 c - a scroll of fog
 d - a scroll of magic mapping
 e - a scroll of fear
 h - a scroll of blinking {unknown}
Potions
 f - a potion of haste


   Skills:
 + Level 3.3 Fighting
 + Level 2.7 Short Blades
 + Level 2.4 Dodging
 + Level 6.8 Stealth


You couldn't memorise any spells.
You didn't know any spells.
Your spell library was empty.

Dungeon Overview and Level Annotations

Branches:
Dungeon (6/15)
 Temple: D:4-7

Altars:


Innate Abilities, Weirdness & Mutations

You are small and have problems with some larger weapons.
You are completely attuned to the shadows.


Message History

The orc is lightly wounded.
The orc hits you with a +0 whip.
The orc wizard hits you but does no damage.
You hit the orc wizard but do no damage.
The orc closely misses you. The orc wizard barely misses you.
You bump into the rock wall.
The orc barely misses you. The orc wizard barely misses you.
You hit the orc.
The orc is heavily wounded.
The orc closely misses you. The orc wizard closely misses you.
You bump into the rock wall.
The orc closely misses you. The orc wizard barely misses you.
You hit the orc.
The orc is severely wounded.
The orc closely misses you.
The orc wizard hits you with a +0 dagger.
You hit the orc wizard.
The orc wizard is moderately wounded.
You feel less confused.
The orc wizard hits you with a +0 dagger.
The orc hits you with a +0 whip.
You completely miss the orc.
The orc is severely wounded.
The orc wizard hits you with a +0 dagger.
The orc hits you but does no damage.
You hit the orc.
You kill the orc!
The orc wizard hits you with a +0 dagger.
* * * LOW HITPOINT WARNING * * *
You hit the orc wizard.
The orc wizard is heavily wounded.
The orc wizard hits you but does no damage.
You closely miss the orc wizard.
The orc wizard is heavily wounded.
You hit the orc wizard.
The orc wizard is heavily wounded.
The orc wizard points at you and mumbles some strange words.
The puff of flame hits you!
Ouch! That really hurt!
You die...

#####.# ......##
####...#
#.#.######## ..
#.#.......<# .#.###
#.########## .....#
#.......# ...>.#
###.###.#
#..)@####...# #.#
#..o....#.#.###.####
....###.#.#........#
#... #.#.##########
#... #...# #...
#####


You could see an orc wizard.

Vanquished Creatures
  2 orcs (D:6)
2 creatures vanquished.

Notes
Turn   | Place    | Note
-------+----------+-------------------------------------------
     0 | D:5      | sircluck the Kobold Delver began the quest for the Orb.
     0 | D:5      | Reached XP level 1. HP: 14/14 MP: 1/1
    27 | D:6      | Noticed a jelly
    69 | D:6      | Noticed an orc wizard
    88 | D:6      | Killed from afar by an orc wizard

Illustrated notes

Levels and vault maps discovered:
D:5:      layout_basic, nicolae_hepliaklqana_monster_ancestors,
          minmay_shop_damaged
D:6:      layout_basic, minmay_temple_entry_glassed_door,
          cheibrodos_sewer_entry_bend, dreamdust_princess_bridge,
          hangedman_decor_diamond_cutter

Action                     || total
---------------------------++-------
  Melee: Short sword       ||    16
 Armour: Leather armour    ||     4
  Dodge: Dodged            ||    13

Table legend: (Time is in decaauts)
 A = Elapsed time spent in this place.
 B = Non-inter-level travel time spent in this place.
 C = Inter-level travel time spent in this place.
 D = Time resting spent in this place.
 E = Time spent auto-exploring this place.
 F = Levels seen in this place.
 G = Mean time per level.
                   A        B        C        D        E       F      G
               +--------+--------+--------+--------+--------+-----+--------+
         Total |     85 |     85 |      0 |      0 |      0 |   2 |   42.5 |
       Dungeon |     85 |     85 |      0 |      0 |      0 |   2 |   42.5 |
               +--------+--------+--------+--------+--------+-----+--------+

Top non-repeatable levels by time:
     D:6: 69 daAuts
     D:5: 16 daAuts
